 Dungeon Crawl Stone Soup version 0.30.0-2-g1aa4bd4387 (webtiles) character file.

Game seed: 11445650803761217768

265 Kenran the Carver (level 6, -5/39 HPs)
             Began as a Merfolk Gladiator on May 7, 2023.
             Was a Follower of Hepliaklqana.
             Slain by a gnoll
             ... wielding a +0 whip of electrocution
              (15 damage)
             ... on level 4 of the Dungeon.
             The game lasted 00:06:49 (2578 turns).

Kenran the Carver (Merfolk Gladiator)               Turns: 2578, Time: 00:06:50

Health: -5/39      AC:  8    Str: 15    XL:     6   Next: 20%
Magic:  6/6        EV: 10    Int:  7    God:    Hepliaklqana [*.....]
Gold:   260        SH:  4    Dex: 17    Spells: 5/5 levels left

rFire   . . .        a - +0 long sword
rCold   . . .        m - +0 buckler
rNeg    . . .        f - +0 scale mail
rPois   .            c - +0 helmet
rElec   .            (no cloak)
rCorr   .            p - +0 pair of gloves
SInv    .            (no boots)
Will    .....        (no amulet) Stlth
                     L - ring of flight
HPRegen 0.26/turn    (no ring)
MPRegen 0.10/turn

%: no passive effects
@: flying
A: reduced essence, (nimble swimmer 2), mertail
a: Renounce Religion, Recall Ancestor, Ancestor Identity


You were on level 4 of the Dungeon.
You worshipped Hepliaklqana.
Hepliaklqana was aware of your devotion.
You visited 1 branch of the dungeon, and saw 4 of its levels.

You collected 260 gold pieces.


Innate Abilities, Weirdness & Mutations

Your life essence is reduced to manifest your ancestor. (-10% HP)
((You are very nimble when in or above water. (Stealth+, EV+, Speed+++)))
Your lower body shifts to a powerful aquatic tail in water.


   Skills:
 - Level 2.1 Fighting
 + Level 8.1 Long Blades
 - Level 2.0 Throwing
 - Level 4.0 Dodging


You had 5 spell levels left.
You didn't know any spells.
Your spell library contained the following spells:

 Spells                   Type           Power      Damage    Failure   Level
 Ensorcelled Hibernation  Hex/Ice        0%         N/A       99%         2
 Call Canine Familiar     Summ           0%         N/A       100%        3
 Ignite Poison            Fire/Tmut/Pois 0%         N/A       100%        3
 Portal Projectile        Hex/Tloc       0%         N/A       100%        3
 Spider Form              Tmut/Pois      0%         N/A       100%        3
 Anguish                  Hex/Necr       0%         N/A       100%        4
 Leda's Liquefaction      Hex/Erth       0%         N/A       100%        4
 Sticky Flame             Conj/Fire      0%         2d3       100%        4
 Ignition                 Fire           0%         3d3       100%        8

Inventory:

Hand Weapons
 a - a +0 long sword (weapon)
 b - a +0 short sword of holy wrath
   (You found it on level 1 of the Dungeon)
Missiles
 d - a throwing net (quivered) {=f!f}
Armour
 c - a +0 helmet (worn)
 f - a +0 scale mail (worn)
   (You found it on level 1 of the Dungeon)
 m - a +0 buckler (worn)
   (You found it on level 2 of the Dungeon)
 p - a +0 pair of gloves (worn)
   (You found it on level 3 of the Dungeon)
Jewellery
 L - a ring of flight (left hand)
   (You found it on level 3 of the Dungeon)
Scrolls
 h - 2 scrolls of enchant weapon
 l - a scroll of amnesia {unknown}
 n - a scroll of summoning {unknown}
 o - a scroll of fear
 q - a scroll of noise {unknown}
 r - a scroll of immolation {unknown}
Potions
 e - a potion of attraction {unknown}
 g - a potion of mutation {unknown}
 j - a potion of flight {unknown}
 k - a potion of degeneration {unknown}

Dungeon Overview and Level Annotations

Branches:
Dungeon (4/15) Zot: 21389
 Temple: D:4-7

Altars:
Hepliaklqana

###. #.###.###g.#.#
#. #.##.####....#
##.# #.##.##....##
#... ..##.##.#...
#... #####.#.#.#
#...#########....#
#.........# ##g#..# #
####...<####.#
##g###.#.
.......@.....# #..g#
#.# .......gg....#
##.###.#.
......R......#
#g##g#.#
####.g))###..#
##gg.#.#. #.........#
#.R.#J#g#
#...####.####.#.##.#.
#... ..........#.#
#.). #####.#.##g#.
##.# .......#.#


You could see the friendly Cyneburga the ancestor and 3 gnolls.


Message History

You regained 2 hp, and now have 15/39 hp.
Your mp is fully restored (6).
As you read the scroll of fear, it crumbles to dust.
You assume a fearsome visage.
The gnoll bouda looks frightened!
The gnoll looks frightened! x3
Your attacks no longer feel as feeble. 😨 HP[+1]
Found a stone staircase leading down. 😨 HP[+1] 😨 HP[+1] 😨 HP[+1] 😮 HP[+1]
There is a stone staircase leading up here.
You start resting.
An endoplasm is nearby! 😮 HP[+1] 😮 HP[+1]
You hit the endoplasm but do no damage. The endoplasm freezes you.
You are frozen.
* * * LOW HITPOINT WARNING * * *
😨 HP[-3]
You take 3 damage, and now have 19/39 hp.
You slash the endoplasm!
You kill the endoplasm! 😮 HP[+1]
There is a stone staircase leading up here.
You start resting.
A gnoll bouda is nearby! 😮 HP[+2]
You regained 2 hp, and now have 22/39 hp.
A gnoll bouda is nearby!
You fly upwards.
There is a stone staircase leading down here.
You start resting.
Cyneburga emerges from the mists of memory! 😮 HP[+4]
You regained 4 hp, and now have 26/39 hp.
You start resting. 😎 HP[+13]
Your hp is fully restored (39).
You swap places.
There is an open door here.
There is an open door here.
You see here a +0 hand axe.
There is a stone staircase leading down here.
You fly downwards.
The kobold shouts!
There is a stone staircase leading up here.
You barely miss the jelly.
The kobold throws a stone.
You block the stone. The jelly barely misses you.
You slash the jelly!
Your hands burn!
The kobold throws a stone.
The stone closely misses you. The jelly misses you.
Cyneburga hits the jelly.
Cyneburga is burned by acid!
You slash the jelly!
You kill the jelly!
The kobold throws a stone.
You block the stone.
Your Long Blades skill increases to level 8!
A gnoll comes into view. It is wielding a +0 whip.
The gnoll shouts!
A gnoll comes into view.
It is wielding a +0 whip of electrocution.
The gnoll shouts!
A gnoll comes into view. It is wielding a +2 heavy halberd.
A gnoll comes into view. It is wielding a +0 spear.
The gnoll shouts!
The kobold hits you with a +0 short sword.
The gnoll hits you with a +0 whip.
Cyneburga closely misses the kobold. 😕 HP[-7]
You take 7 damage, and now have 32/39 hp.
You slash the gnoll!
The kobold hits you with a +0 short sword.
The gnoll completely misses you.
Cyneburga hits the kobold. 😕 HP[-2]
You take 2 damage, and now have 30/39 hp.
The kobold barely misses you.
Cyneburga barely misses the kobold. 😕 HP[+1]
You hit the gnoll.
You kill the gnoll!
The kobold barely misses you.
Cyneburga hits the kobold.
The kobold dies!
Cyneburga hits the gnoll.
Cyneburga barely misses the gnoll.
The gnoll hits Cyneburga with a +0 spear!
Cyneburga hits the gnoll.
There is a stone staircase leading up here. 😕 HP[+1]
The gnoll closely misses Cyneburga.
The gnoll hits you with a +0 whip of electrocution.
The gnoll hits you with a +2 heavy halberd!
* * * LOW HITPOINT WARNING * * *
Cyneburga hits the gnoll but does no damage. 😨 HP[-15]
You take 15 damage, and now have 17/39 hp.
MASSIVE DAMAGE!! (PAUSE)
You catch the helpless gnoll completely off-guard!
You hit the gnoll.
The gnoll barely misses Cyneburga.
The gnoll hits you with a +0 whip of electrocution!
* * * LOW HITPOINT WARNING * * *
You are electrocuted!
You die...

Skill      XL: |  1  2  3  4  5  6 |
---------------+-------------------+-----
Long Blades    | 4 5 6 7 8 |  8.1
Fighting       | |  2.1
Throwing       | |  2.0
Dodging        | |  4.0

Action                     |  1- 3 |  4- 6 || total
---------------------------+-------+-------++-------
  Melee: Long sword        |    87 |   183 ||   270
         Punch             |     1 |       ||     1
  Throw: Throwing net      |     2 |     1 ||     3
    Use: Scroll            |       |     3 ||     3
         Potion            |       |     1 ||     1
   Stab: Held in net/web   |     1 |     2 ||     3
         Distracted        |       |     2 ||     2
 Armour: Leather armour    |     2 |       ||     2
         Scale mail        |    34 |    69 ||   103
  Dodge: Dodged            |    55 |    68 ||   123
  Block: Buckler           |       |    10 ||    10

Levels and vault maps discovered:
D:1:      lightli_arrival_lavapool, layout_basic, serial_park_tiny_1,
          minmay_domino_4
D:2:      layout_loops_cross, basic_altar, minmay_small_reverse_x, uniq_terence,
          uniq_robin
D:3:      layout_basic, hellmonk_ecumenical_altar_leap_of_faith
D:4:      minmay_wonky_spiral, layout_loops_cross, mainiacjoe_overflow_catwalk,
          minivault_23

Notes
Turn   | Place    | Note
-------+----------+-------------------------------------------
     0 | D:1      | Kenran the Merfolk Gladiator began the quest for the Orb.
     0 | D:1      | Reached XP level 1. HP: 16/16 MP: 1/1
     0 | D:1      | magus.rc [v1.11.6]
    52 | D:1      | Reached skill level 4 in Long Blades
    77 | D:1      | Reached XP level 2. HP: 22/22 MP: 2/2
   293 | D:1      | Reached skill level 5 in Long Blades
   293 | D:1      | Reached XP level 3. HP: 20/27 MP: 3/3
   363 | D:1      | You add the spells Ensorcelled Hibernation, Spider Form and
                  | Anguish to your library.
   561 | D:2      | Noticed Terence
   565 | D:2      | Noticed Robin
   576 | D:1      | Killed Terence
   577 | D:1      | Reached XP level 4. HP: 25/33 MP: 4/4
   743 | D:2      | Found a hazy altar of Hepliaklqana.
   757 | D:2      | Reached skill level 6 in Long Blades
   767 | D:2      | Became a worshipper of Hepliaklqana the Forgotten
   819 | D:2      | Killed Robin
   971 | D:2      | You add the spells Call Canine Familiar, Portal Projectile
                  | and Leda's Liquefaction to your library.
  1321 | D:2      | You add the spells Ignite Poison, Sticky Flame and Ignition
                  | to your library.
  1417 | D:2      | Reached XP level 5. HP: 38/38 MP: 5/5
  1761 | D:3      | Reached skill level 7 in Long Blades
  1966 | D:3      | Reached * piety under Hepliaklqana
  2064 | D:3      | Found a faded altar of an unknown god.
  2419 | D:4      | Reached XP level 6. HP: 15/39 MP: 6/6
  2567 | D:4      | Reached skill level 8 in Long Blades
  2578 | D:4      | Slain by a gnoll

Vanquished Creatures
  A jelly (D:4)
  A hound (D:4)
  A sleepcap (D:4)
  Terence (D:1)
  Robin (D:2)
  A gnoll (D:4)
  3 adders
  2 worms (D:2)
  A dart slug (D:1)
  2 orcs (D:3)
  4 endoplasms
  2 giant cockroaches (D:1)
  9 hobgoblins
  8 jackals
  5 kobolds
  6 quokkas
  10 ball pythons
  5 bats
  7 frilled lizards
  12 goblins
  3 rats
85 creatures vanquished.

Vanquished Creatures (collateral kills)
  An adder (D:3)
  A worm (D:3)
  A ball python (D:3)
  A kobold (D:4)
4 creatures vanquished.

Vanquished Creatures (others)
  An ancestor (D:4)
1 creature vanquished.

Grand Total: 90 creatures vanquished

Table legend:
 A = Non-vault XP
 B = Vault XP
 C = Vault XP percentage of total XP
 D = Non-vault monster count
 E = Vault monster count
 F = Vault count percentage of total count
                 A         B        C        D         E       F
            +---------+---------+-------+---------+---------+-------
      Total |     294 |      85 |  22.4 |      69 |      20 |  22.5
            +---------+---------+-------+---------+---------+-------
        D:1 |      43 |      48 |  52.7 |      26 |       7 |  21.2
        D:2 |      44 |      37 |  45.7 |      19 |      13 |  40.6
        D:3 |      66 |       0 |   0.0 |      16 |       0 |   0.0
        D:4 |     141 |       0 |   0.0 |       8 |       0 |   0.0
            +---------+---------+-------+---------+---------+-------

Skill      XL: |  1  2  3  4  5  6 |
---------------+-------------------+-----
Long Blades    | 4 5 6 7 8 |  8.1
Fighting       | |  2.1
Throwing       | |  2.0
Dodging        | |  4.0

Action                     |  1- 3 |  4- 6 || total
---------------------------+-------+-------++-------
  Melee: Long sword        |    87 |   183 ||   270
         Punch             |     1 |       ||     1
  Throw: Throwing net      |     2 |     1 ||     3
    Use: Scroll            |       |     3 ||     3
         Potion            |       |     1 ||     1
   Stab: Held in net/web   |     1 |     2 ||     3
         Distracted        |       |     2 ||     2
 Armour: Leather armour    |     2 |       ||     2
         Scale mail        |    34 |    69 ||   103
  Dodge: Dodged            |    55 |    68 ||   123
  Block: Buckler           |       |    10 ||    10

Illustrated notes

Table legend:
 A = Kills in this place as a percentage of kills in the entire game.
 B = Kills by you in this place as a percentage of kills by you in the entire game.
 C = Kills by friends in this place as a percentage of kills by friends in the entire game.
 D = Other kills in this place as a percentage of other kills in the entire game.
 E = Experience gained in this place as a percentage of experience gained in the entire game.
 F = Experience gained in this place divided by the number of levels of this place that you have seen.
                   A       B       C       D       E      F
               +-------+-------+-------+-------+-------+----------------------
         Total | 100.0 | 100.0 | 100.0 |   N/A | 100.0 |  94.8
       Dungeon | 100.0 | 100.0 | 100.0 |   N/A | 100.0 |  94.8
               +-------+-------+-------+-------+-------+----------------------

Table legend: (Time is in decaauts)
 A = Elapsed time spent in this place.
 B = Non-inter-level travel time spent in this place.
 C = Inter-level travel time spent in this place.
 D = Time resting spent in this place.
 E = Time spent auto-exploring this place.
 F = Levels seen in this place.
 G = Mean time per level.
                   A        B        C        D        E       F      G
               +--------+--------+--------+--------+--------+-----+--------+
         Total |   2609 |   2471 |    138 |    448 |   1194 |   4 |  652.2 |
       Dungeon |   2609 |   2471 |    138 |    448 |   1194 |   4 |  652.2 |
               +--------+--------+--------+--------+--------+-----+--------+

Top non-repeatable levels by time:
     D:2: 964 daAuts
     D:3: 725 daAuts
     D:1: 718 daAuts
     D:4: 200 daAuts
